 Dungeon Crawl Stone Soup version 0.28-a0-10-g964c8b829e (webtiles) character file.

Game seed: 16593455221306284693

314 bande the Shield-Bearer (level 6, -14/57 HPs)
             Began as a Gargoyle Fighter on July 25, 2021.
             Killed by divine providence
             ... invoked by an orc priest
              (15 damage)
             ... on level 4 of the Dungeon.
             The game lasted 00:07:42 (2740 turns).

bande the Shield-Bearer (Gargoyle Fighter)          Turns: 2740, Time: 00:07:43

Health: -14/57     AC: 16    Str: 21    XL:     6   Next: 43%
Magic:  6/6        EV:  4    Int:  8    God:
Gold:   82         SH:  9    Dex: 10    Spells: 5/5 levels left

rFire   + . .      SeeInvis .   a - +1 war axe (vorpal)
rCold   + . .      Faith    .   c - +0 kite shield
rNeg    + . .      Spirit   .   n - +0 plate armour
rPois   ∞          Reflect  .   (no helmet)
rElec   +          Harm     .   (no cloak)
rCorr   +          Rampage  .   (no gloves)
Will    .....                   (no boots)
Stlth   ..........              (no amulet)
HPRegen 0.19/turn               (no ring)
MPRegen 0.10/turn               (no ring)

@: mighty, berserking, resistant, very quick
A: sickness immunity, AC +4, negative energy resistance 1, electricity
resistance, torment resistance 1, petrification resistance
a: no special abilities


You were on level 4 of the Dungeon.
You visited 1 branch of the dungeon, and saw 4 of its levels.

You collected 82 gold pieces.

Inventory:

Hand Weapons
 a - a +1 vorpal war axe (weapon)
 b - a +0 morningstar
Armour
 c - a +0 kite shield (worn)
 n - a +0 plate armour (worn)
Scrolls
 f - a scroll of identify
 g - 2 scrolls of teleportation
 h - a scroll of enchant weapon
Potions
 i - 2 potions of resistance
 k - a potion of haste
 l - a potion of flight


   Skills:
 + Level 4.2 Fighting
 + Level 3.9 Axes
 + Level 4.3 Armour
 + Level 0.7 Dodging
 + Level 4.7 Shields


You had 5 spell levels left.
You didn't know any spells.
Your spell library contained the following spells:

 Spells                   Type           Power      Damage    Failure   Level
 Foxfire                  Conj/Fire      0%         2x1d4     100%        1
 Slow                     Hex            0%         N/A       100%        2
 Confusing Touch          Hex            0%         N/A       100%        3
 Conjure Flame            Conj/Fire      0%         6-21      100%        3
 Frozen Ramparts          Ice            0%         1d2       100%        3
 Inner Flame              Hex/Fire       0%         N/A       100%        3
 Ice Form                 Ice/Tmut       0%         N/A       100%        4
 Summon Ice Beast         Ice/Summ       0%         N/A       100%        4
 Yara's Violent Unravell  Hex/Tmut       0%         3d3       100%        5


Dungeon Overview and Level Annotations

Branches:
Dungeon (4/15)
 Temple: D:4-7

Altars:

Shops:
D:3 [

Annotations:
D:4 Sigmund


Innate Abilities, Weirdness & Mutations

You are immune to sickness and miasma.
Your stone body is resilient. (AC +4)
You are immune to poison.
You resist negative energy. (rN+)
You are resistant to electric shocks. (rElec)
You are resistant to unholy torment.
You are immune to petrification.


Message History

Beogh smites you!
You hear some strange, mumbled words.
A puff of flame appears from out of thin air!
The puff of flame hits you.
* * * LOW HITPOINT WARNING * * *
The gnoll hits you but does no damage. x2
You slice the gnoll!!
You kill the gnoll!
You miss something. You closely miss the orc. You slash the gnoll!
You kill the gnoll!
The orc priest looks braver for a moment.
Something hits you.
* * * LOW HITPOINT WARNING * * *
The orc barely misses you. Something hits you but does no damage.
Found 18 bolts.
Things that are here:
a +0 club; a gnoll corpse It was a potion of resistance.
You feel protected. Something hits you but does no damage.
The orc barely misses you.
It was a potion of berserk rage.
A red film seems to cover your vision as you go berserk!
You feel yourself moving faster!
You feel mighty! You block something's attack. You block the orc's attack.
The orc hits you but does no damage. Something hits you.
* * * LOW HITPOINT WARNING * * *
Unknown command.
You closely miss something. You slash the orc!
You kill the orc!
You closely miss something. You slash the orc!
You kill the orc!
You hear some strange, mumbled words.
A puff of flame appears from out of thin air!
The puff of flame hits you. You resist.
* * * LOW HITPOINT WARNING * * *
Something hits you but does no damage.
The orc priest mumbles some strange prayers to Beogh against you.
Beogh smites you!
You die...

.......... (.......###
#. .........# .....###.#
........##
..........####........#
..........#.........##
......##....>#.){....###
........##...o){@......#
...............))......#
..†.................#.##
................#..##
.#(..†.........##.##
##..............##
#..#<...........#
....##...........#
.#..###.#.....####


You could see an orc priest.

Vanquished Creatures
  3 wights (D:2)
  An iguana (D:2)
  3 gnolls (D:4)
  4 adders
  5 worms
  2 dart slugs (D:1)
  6 orcs
  5 endoplasms (D:1)
  8 giant cockroaches
  2 goblins
  6 hobgoblins
  3 jackals
  7 kobolds
  5 quokkas
  6 ball pythons
  6 bats
  6 frilled lizards
78 creatures vanquished.

Vanquished Creatures (others)
  2 plants (D:3)
2 creatures vanquished.

Grand Total: 80 creatures vanquished

Notes
Turn   | Place    | Note
-------+----------+-------------------------------------------
     0 | D:1      | bande the Gargoyle Fighter began the quest for the Orb.
     0 | D:1      | Reached XP level 1. HP: 14/14 MP: 1/1
   333 | D:1      | Reached XP level 2. HP: 18/19 MP: 2/2
   679 | D:1      | Reached XP level 3. HP: 24/24 MP: 3/3
  1148 | D:1      | Found a faded altar of an unknown god.
  1539 | D:2      | Reached XP level 4. HP: 29/29 MP: 4/4
  2067 | D:3      | Reached XP level 5. HP: 33/33 MP: 5/5
  2119 | D:2      | Reached XP level 6. HP: 35/38 MP: 6/6
  2512 | D:3      | Found Antivizi's Antique Armour Shoppe.
  2728 | D:4      | Noticed Sigmund
  2739 | D:4      | HP: 2/57 [something (2)]
  2740 | D:4      | Killed from afar by an orc priest

Illustrated notes

Levels and vault maps discovered:
D:1:      minmay_arrival_split_and_join, layout_loops_corners,
          ebering_ecumenical_altar_sacrificial, grunt_decor_fettered,
          chequers_serial_rivers_micro_e, minivault_25, kennysheep_crisscross
D:2:      layout_basic, minmay_crystal_water
D:3:      layout_loops_ring, serial_shops, nicolae_shop_overgrown_old_shop,
          minmay_fountain_box
D:4:      layout_cave_pools, minmay_temple_entry_junction,
          gup_sewer_entry_bubbles, uniq_sigmund

Skill      XL: |  1  2  3  4  5 |
---------------+----------------+-----
Axes           | 2 3 |  3.9
Armour         | 4 |  4.3
Shields        | 4 |  4.7
Fighting       | 4 |  4.2
Dodging        | |  0.7

Action                   |  1- 3 |  4- 6 || total
-------------------------+-------+-------++-------
Melee: War axe           |   106 |   102 ||   208
  Use: Scroll            |     2 |     7 ||     9
       Potion            |       |     4 ||     4
Armor: Scale mail        |    50 |       ||    50
       Plate armour      |    18 |    73 ||    91
Dodge: Dodged            |    36 |    27 ||    63
Block: Kite shield       |    48 |    82 ||   130

Table legend: (Time is in decaauts)
 A = Elapsed time spent in this place.
 B = Non-inter-level travel time spent in this place.
 C = Inter-level travel time spent in this place.
 D = Time resting spent in this place.
 E = Time spent auto-exploring this place.
 F = Levels seen in this place.
 G = Mean time per level.
                   A        B        C        D        E       F      G
               +--------+--------+--------+--------+--------+-----+--------+
         Total |   2870 |   2784 |     86 |     22 |   2142 |   4 |  717.5 |
       Dungeon |   2870 |   2784 |     86 |     22 |   2142 |   4 |  717.5 |
               +--------+--------+--------+--------+--------+-----+--------+

Top non-repeatable levels by time:
     D:1: 1305 daAuts
     D:2: 902 daAuts
     D:3: 618 daAuts
     D:4: 45 daAuts
